Avalanche vs RedWings

Created - January-10-15 at 10:31

Goals
1 2 3 T
Avalanche 1 0 0 1
RedWings 1 0 2 3
Shots
1 2 3 T
Avalanche 8 8 3 19
RedWings 9 9 12 30

1st period

1. Avalanche , Kevin Shattenkirk 8 (Riley Sheahan, Derek Stepan) at 5:19 (PP)
2. RedWings , Sean Bergenheim 14 (Eric Gryba, Mark Arcobello) at 12:34

Penalties :
Tuomo Ruutu (DET) for Charging (Minor) at 2:00, Paul Martin (DET) for Hooking (Minor) at 4:08, Eric Gryba (DET) for High sticking (Minor) at 5:15, Mark Fraser (DET) for Roughing (Minor) at 6:43, Quinton Howden (COL) for Slashing (Minor) at 10:32, Eric Gryba (DET) for Hooking (Minor) at 13:45

2nd period

No Goal

Penalties :
Sean Bergenheim (DET) for Tripping (Minor) at 0:09, Boone Jenner (COL) for Roughing (Minor) at 2:18, Mark Fraser (DET) for Interference (Minor) at 12:01, Boone Jenner (COL) for Tripping (Minor) at 12:05, Nick Holden (COL) for Roughing (Minor) at 14:40, Mark Arcobello (DET) for Cross-checking (Minor) at 14:43, Sami Vatanen (COL) for Hooking (Minor) at 18:00

3rd period

3. RedWings , Ondrej Palat 16 (Loui Eriksson, Paul Martin) at 0:37
4. RedWings , Jake Gardiner 7 (Joe Thornton, Sean Bergenheim) at 9:57

Penalties :
Sam Gagner (DET) for Holding (Minor) at 6:48, Quinton Howden (COL) for Charging (Minor) at 6:48, Quinton Howden (COL) for Tripping (Minor) at 15:15

Goalie Stats

Martin Jones (COL), 27 saves from 30 shots - (0.900), L, 9-11-1, 60:00 minutes
Roberto Luongo (DET), 18 saves from 19 shots - (0.947), W, 15-10-4, 60:00 minutes

Players Stats for Avalanche

Player Name              G  A  P  +/- PIM S  H  SB GA TA FO     MP     PP MP  PK MP  
------------------------------------------------------------------------------------
Boone Jenner             0  0  0   0  4   2  4  0  0  0  0/4     7:32   0:38   0:00 
Christopher Higgins      0  0  0   0  0   0  4  2  0  0  1/1    25:06   5:11   5:06 
Cody Hodgson             0  0  0   0  0   1  0  0  0  0  3/10   19:40   4:51   0:00 
Derek Stepan             0  1  1  -2  0   2  0  0  0  0  19/30  22:59   5:08   4:26 
Jakob Silfverberg        0  0  0  -1  0   1  0  0  0  0  0/0     8:45   0:00   0:00 
Keith Yandle             0  0  0  -2  0   2  0  0  0  0  0/0    21:19   5:19   0:54 
Kevin Shattenkirk        1  0  1  -1  0   3  1  1  0  0  0/0    25:24   5:19   3:53 
Marcel Goc               0  0  0   0  0   2  0  1  0  0  11/15  10:09   0:00   4:21 
Marcus Johansson         0  0  0  -2  0   2  0  0  0  0  4/6    19:45   5:30   0:00 
Markus Granlund          0  0  0   0  0   0  0  0  0  0  0/0     5:48   0:00   0:00 
Nick Holden              0  0  0   0  2   0  2  0  0  0  0/0    16:24   0:00   4:07 
Quinton Howden           0  0  0  -1  6   1  1  0  0  0  0/1    10:55   0:00   2:13 
Riley Sheahan            0  1  1   0  0   1  2  0  0  0  4/9     9:14   5:08   0:00 
Ryane Clowe              0  0  0  -2  0   1  0  1  0  0  0/0     9:00   0:00   0:00 
Sami Vatanen             0  0  0  -1  2   0  1  2  0  0  0/0    21:06   5:19   2:59 
Tyson Barrie             0  0  0  -2  0   0  0  1  0  0  0/0    23:15   5:19   4:10 
Victor Bartley           0  0  0   0  0   0  2  0  0  0  0/0    12:30   0:00   0:03 
Vincent Lecavalier       0  0  0  -1  0   1  2  0  0  0  7/14   17:09   5:27   0:00 

Players Stats for RedWings

Player Name              G  A  P  +/- PIM S  H  SB GA TA FO     MP     PP MP  PK MP  
------------------------------------------------------------------------------------
Alexandre Burrows        0  0  0   0  0   3  3  1  0  0  1/3    17:13   3:02   4:49 
Andrew Cogliano          0  0  0   0  0   0  1  0  0  0  5/10    6:09   0:00   6:09 
Eric Brewer              0  0  0   1  0   1  2  4  0  0  0/0    27:55   3:14   4:58 
Eric Gryba               0  1  1   2  4   0  0  2  0  0  0/0    16:46   0:23   3:24 
Erik Haula               0  0  0   0  0   0  0  0  0  0  0/0     0:22   0:00   0:22 
Hal Gill                 0  0  0   1  0   0  1  0  0  0  0/0     7:32   0:00   1:52 
Jake Gardiner            1  0  1   1  0   4  0  1  0  0  0/0    27:03   4:26   5:28 
Joe Thornton             0  1  1   1  0   2  0  0  0  0  11/22  14:30   3:02   0:25 
Loui Eriksson            0  1  1   1  0   1  0  0  0  0  2/5    21:17   3:02   0:35 
Mark Arcobello           0  1  1   0  2   1  1  0  0  0  7/21   12:50   5:00   0:00 
Mark Fraser              0  0  0   0  4   1  5  0  0  0  0/0    13:20   3:37   1:49 
Ondrej Palat             1  0  1   1  0   4  4  0  0  0  1/1    16:38   0:00   0:00 
Paul Martin              0  1  1   1  2   4  0  1  0  0  0/0    27:19   4:26   3:43 
Sam Gagner               0  0  0   1  2   1  0  0  0  0  9/17   20:51   0:00   3:29 
Sean Bergenheim          1  1  2   1  2   4  3  0  0  0  1/1    17:42   3:57   4:13 
Tuomo Ruutu              0  0  0   2  2   2  2  0  0  0  3/8    21:48   5:01   0:39 
Tyler Toffoli            0  0  0   1  0   2  0  0  0  0  0/0    12:14   1:04   0:00 
Ville Leino              0  0  0   1  0   0  0  0  0  0  1/2     1:19   0:00   0:00 

3 Stars

1 - Ondrej Palat (DET)
2 - Sean Bergenheim (DET)
3 - Roberto Luongo (DET)

Power Play

Avalanche - 1 on 8 Attempt(s) - 12.50%
RedWings - 0 on 6 Attempt(s) - 0.00%

Penalty Kill

Avalanche - 6 on 6 Attempt(s) - 100.00% - Score 0 goal in Penalty Kill
RedWings - 7 on 8 Attempt(s) - 87.50% - Score 0 goal in Penalty Kill

Team Stat

Avalanche - Hits : 19 - Faceoff Wins : 49 - Blocked Shots : 8 - Penalty Minutes : 14
RedWings - Hits : 22 - Faceoff Wins : 41 - Blocked Shots : 9 - Penalty Minutes : 18

Official

Referees : Kyle Rehman and Trevor Hanson
Linesman : Greg Devorski and Pierre Champoux

Game Notes

Riley Sheahan is injured at 7:15 of 2nd period (Sprained Right Ankle)
Sean Bergenheim is injured at 13:18 of 3rd period (Left Foot)

Finance

Level 1 -- Attendance: 6382 (98.18%) -- Ticket Income $478,650
Level 2 -- Attendance: 4910 (98.20%) -- Ticket Income $245,500
Level 3 -- Attendance: 3500 (100.00%) -- Ticket Income $105,000
Level 4 -- Attendance: 3083 (75.82%) -- Ticket Income $61,660
Luxury Box -- Attendance: 1000 (100.00%) -- Ticket Income $150,000
Game was played at the Joe Louis Arena'
Total Attendance: 18875 (94.06%)
Total Ticket Income: $1,040,810
Other Income: $156,122
Total Income: $1,196,932

% Time on Ice - Avalanche

Lines # - Real PCT - Wanted PCT - Time Play
Normal Forward
1 - 25% - 34% - 9:00
2 - 34% - 32% - 11:56
3 - 25% - 24% - 8:45
4 - 16% - 10% - 5:48
Normal Defense
1 - 34% - 34% - 12:12
2 - 32% - 33% - 11:27
3 - 33% - 32% - 11:50
4 - 0% - 1% - 0:00
PP Forward
1 - 48% - 50% - 5:08
2 - 52% - 50% - 5:30
PP Defense
1 - 50% - 50% - 5:19
2 - 50% - 50% - 5:19
PK Forward
1 - 46% - 50% - 3:42
2 - 54% - 50% - 4:21
PK Defense
1 - 48% - 50% - 3:53
2 - 52% - 50% - 4:10
PK3 Forward
1 - 0% - 50%
2 - 0% - 50%
PK3 Defense
1 - 0% - 50%
2 - 0% - 50%
44 Forward
1 - 51% - 50% - 2:57
2 - 49% - 50% - 2:53
44 Defense
1 - 50% - 50% - 2:54
2 - 50% - 50% - 2:56
Last Minute Offensive  - 0:00
Last Minute Defensive  - 0:00
Total
Forward - 60:00
Defense - 60:00

% Time on Ice - RedWings

Lines # - Real PCT - Wanted PCT - Time Play
Normal Forward
1 - 47% - 45% - 16:38
2 - 31% - 35% - 11:03
3 - 18% - 15% - 6:29
4 - 4% - 5% - 1:19
Normal Defense
1 - 38% - 40% - 13:35
2 - 32% - 30% - 11:28
3 - 16% - 20% - 5:40
4 - 13% - 10% - 4:46
PP Forward
1 - 38% - 60% - 3:02
2 - 62% - 40% - 5:01
PP Defense
1 - 55% - 60% - 4:26
2 - 45% - 40% - 3:37
PK Forward
1 - 65% - 60% - 6:34
2 - 35% - 40% - 3:29
PK Defense
1 - 64% - 60% - 6:25
2 - 36% - 40% - 3:38
PK3 Forward
1 - 100% - 60% - 0:35
2 - 0% - 40% - 0:00
PK3 Defense
1 - 31% - 60% - 0:11
2 - 69% - 40% - 0:24
44 Forward
1 - 65% - 60% - 3:47
2 - 35% - 40% - 2:03
44 Defense
1 - 39% - 60% - 2:16
2 - 61% - 40% - 3:34
Last Minute Offensive  - 0:00
Last Minute Defensive  - 0:00
Total
Forward - 60:00
Defense - 60:00

Play by Play

1st period


0:01 of 1st period - Derek Stepan wins face-off versus Sam Gagner in neutral zone.
0:33 of 1st period - Shot by Loui Eriksson.
0:33 of 1st period - Shot Blocked by Sami Vatanen.
0:55 of 1st period - Icing by Loui Eriksson.
0:56 of 1st period - Sam Gagner wins face-off versus Riley Sheahan in RedWings zone.
0:56 of 1st period - Sam Gagner is hit by Christopher Higgins.
1:02 of 1st period - Cody Hodgson is hit by Ondrej Palat and loses puck.
1:12 of 1st period - Icing by Christopher Higgins.
1:13 of 1st period - Riley Sheahan wins face-off versus Joe Thornton in Avalanche zone.
1:26 of 1st period - Paul Martin is hit by Christopher Higgins and loses puck.
1:35 of 1st period - Shot by Joe Thornton.
1:35 of 1st period - Shot Misses the Net.
1:49 of 1st period - Shot by Sean Bergenheim.
1:49 of 1st period - Shot Misses the Net.
2:00 of 1st period - Minor Penalty to Tuomo Ruutu for Charging.
2:01 of 1st period - Andrew Cogliano wins face-off versus Cody Hodgson in RedWings zone.
3:32 of 1st period - Off-side.
3:33 of 1st period - Andrew Cogliano wins face-off versus Boone Jenner in neutral zone.
4:07 of 1st period - Marcel Goc is hit by Hal Gill.
4:08 of 1st period - Minor Penalty to Paul Martin for Hooking.
4:09 of 1st period - Derek Stepan wins face-off versus Andrew Cogliano in RedWings zone.
4:14 of 1st period - Shot by Derek Stepan.
4:14 of 1st period - Shot Misses the Net.
4:16 of 1st period - Shot by Keith Yandle.
4:16 of 1st period - Shot Misses the Net.
4:18 of 1st period - Shot by Christopher Higgins.
4:18 of 1st period - Shot Blocked by Eric Gryba.
4:20 of 1st period - Shot by Derek Stepan.
4:20 of 1st period - Stopped by Roberto Luongo without a rebound.
4:21 of 1st period - Sam Gagner wins face-off versus Cody Hodgson in RedWings zone.
4:36 of 1st period - Shot by Sami Vatanen.
4:36 of 1st period - Shot Blocked by Alexandre Burrows.
4:48 of 1st period - Shot by Sean Bergenheim.
4:48 of 1st period - Shot Misses the Net.
4:51 of 1st period - Icing by Keith Yandle.
4:52 of 1st period - Cody Hodgson wins face-off versus Andrew Cogliano in Avalanche zone.
5:02 of 1st period - Off-side.
5:03 of 1st period - Derek Stepan wins face-off versus Sam Gagner in neutral zone.
5:15 of 1st period - Minor Penalty to Eric Gryba for High sticking.
5:16 of 1st period - Derek Stepan wins face-off versus Loui Eriksson in RedWings zone.
5:17 of 1st period - Shot by Riley Sheahan.
5:17 of 1st period - Stopped by Roberto Luongo with a rebound.
5:19 of 1st period - Shot by Kevin Shattenkirk.
5:19 of 1st period - Goal by Kevin Shattenkirk - Avalanche : 1 - RedWings : 0.
5:20 of 1st period - Derek Stepan wins face-off versus Andrew Cogliano in neutral zone.
6:02 of 1st period - Shot by Tyson Barrie.
6:02 of 1st period - Shot Misses the Net.
6:30 of 1st period - Shot by Sami Vatanen.
6:30 of 1st period - Shot Misses the Net.
6:43 of 1st period - Minor Penalty to Mark Fraser for Roughing.
6:44 of 1st period - Vincent Lecavalier wins face-off versus Loui Eriksson in RedWings zone.
7:47 of 1st period - Shot by Kevin Shattenkirk.
7:47 of 1st period - Shot Blocked by Eric Brewer.
7:49 of 1st period - Shot by Kevin Shattenkirk.
7:49 of 1st period - Shot Misses the Net.
8:02 of 1st period - Icing by Keith Yandle.
8:03 of 1st period - Sam Gagner wins face-off versus Cody Hodgson in Avalanche zone.
8:08 of 1st period - Shot by Sam Gagner.
8:08 of 1st period - Stopped by Martin Jones with a rebound.
8:49 of 1st period - Shot by Boone Jenner.
8:49 of 1st period - Shot Misses the Net.
8:53 of 1st period - Shot by Boone Jenner.
8:53 of 1st period - Stopped by Roberto Luongo without a rebound.
8:54 of 1st period - Sam Gagner wins face-off versus Marcel Goc in RedWings zone.
8:54 of 1st period - Sam Gagner is hit by Boone Jenner.
9:03 of 1st period - Victor Bartley is hit by Ondrej Palat and loses puck.
9:29 of 1st period - Loui Eriksson is hit by Victor Bartley and loses puck.
9:38 of 1st period - Ondrej Palat is hit by Boone Jenner and loses puck.
9:59 of 1st period - Shot by Ryane Clowe.
9:59 of 1st period - Shot Misses the Net.
10:12 of 1st period - Marcus Johansson is hit by Mark Fraser and loses puck.
10:32 of 1st period - Minor Penalty to Quinton Howden for Slashing.
10:33 of 1st period - Marcel Goc wins face-off versus Mark Arcobello in Avalanche zone.
10:59 of 1st period - Icing by Tuomo Ruutu.
11:00 of 1st period - Derek Stepan wins face-off versus Mark Arcobello in RedWings zone.
11:06 of 1st period - Icing by Paul Martin.
11:07 of 1st period - Mark Arcobello wins face-off versus Derek Stepan in RedWings zone.
11:16 of 1st period - Shot by Mark Arcobello.
11:16 of 1st period - Shot Misses the Net.
11:22 of 1st period - Shot by Paul Martin.
11:22 of 1st period - Shot Misses the Net.
11:24 of 1st period - Shot by Paul Martin.
11:24 of 1st period - Shot Blocked by Kevin Shattenkirk.
11:26 of 1st period - Shot by Sean Bergenheim.
11:26 of 1st period - Shot Misses the Net.
11:34 of 1st period - Shot by Paul Martin.
11:34 of 1st period - Stopped by Martin Jones without a rebound.
11:35 of 1st period - Marcel Goc wins face-off versus Alexandre Burrows in Avalanche zone.
12:02 of 1st period - Shot by Loui Eriksson.
12:02 of 1st period - Shot Misses the Net.
12:04 of 1st period - Shot by Jake Gardiner.
12:04 of 1st period - Stopped by Martin Jones with a rebound.
12:34 of 1st period - Shot by Sean Bergenheim.
12:34 of 1st period - Goal by Sean Bergenheim - Avalanche : 1 - RedWings : 1.
12:35 of 1st period - Ville Leino wins face-off versus Vincent Lecavalier in neutral zone.
12:38 of 1st period - Shot by Tyler Toffoli.
12:38 of 1st period - Shot Misses the Net.
12:41 of 1st period - Icing by Keith Yandle.
12:42 of 1st period - Vincent Lecavalier wins face-off versus Mark Arcobello in Avalanche zone.
12:44 of 1st period - Icing by Keith Yandle.
12:45 of 1st period - Mark Arcobello wins face-off versus Vincent Lecavalier in Avalanche zone.
13:02 of 1st period - Shot by Mark Arcobello.
13:02 of 1st period - Shot Misses the Net.
13:35 of 1st period - Paul Martin is hit by Vincent Lecavalier and loses puck.
13:45 of 1st period - Minor Penalty to Eric Gryba for Hooking.
13:46 of 1st period - Derek Stepan wins face-off versus Andrew Cogliano in RedWings zone.
13:49 of 1st period - Shot by Derek Stepan.
13:49 of 1st period - Shot Misses the Net.
14:05 of 1st period - Shot by Keith Yandle.
14:05 of 1st period - Stopped by Roberto Luongo with a rebound.
14:07 of 1st period - Shot by Derek Stepan.
14:07 of 1st period - Shot Blocked by Jake Gardiner.
14:09 of 1st period - Shot by Derek Stepan.
14:09 of 1st period - Shot Blocked by Eric Brewer.
14:23 of 1st period - Shot by Sam Gagner.
14:23 of 1st period - Deflect By Alexandre Burrows.
14:23 of 1st period - Stopped by Martin Jones with a rebound.
15:44 of 1st period - Shot by Vincent Lecavalier.
15:44 of 1st period - Shot Misses the Net.
15:48 of 1st period - Shot by Marcel Goc.
15:48 of 1st period - Stopped by Roberto Luongo without a rebound.
15:49 of 1st period - Marcel Goc wins face-off versus Ville Leino in RedWings zone.
16:00 of 1st period - Markus Granlund is hit by Tuomo Ruutu and loses puck.
16:11 of 1st period - Shot by Nick Holden.
16:11 of 1st period - Shot Misses the Net.
16:19 of 1st period - Shot by Boone Jenner.
16:19 of 1st period - Shot Blocked by Eric Gryba.
16:21 of 1st period - Shot by Marcel Goc.
16:21 of 1st period - Deflect By Boone Jenner.
16:21 of 1st period - Stopped by Roberto Luongo without a rebound.
16:22 of 1st period - Vincent Lecavalier wins face-off versus Sam Gagner in RedWings zone.
16:55 of 1st period - Shot by Vincent Lecavalier.
16:55 of 1st period - Shot Blocked by Eric Brewer.
17:20 of 1st period - Victor Bartley is hit by Ondrej Palat and loses puck.
17:35 of 1st period - Shot by Marcus Johansson.
17:35 of 1st period - Stopped by Roberto Luongo without a rebound.
17:36 of 1st period - Joe Thornton wins face-off versus Riley Sheahan in RedWings zone.
17:43 of 1st period - Shot by Tuomo Ruutu.
17:43 of 1st period - Stopped by Martin Jones without a rebound.
17:44 of 1st period - Joe Thornton wins face-off versus Riley Sheahan in Avalanche zone.
17:47 of 1st period - Shot by Sean Bergenheim.
17:47 of 1st period - Stopped by Martin Jones without a rebound.
17:48 of 1st period - Joe Thornton wins face-off versus Riley Sheahan in Avalanche zone.
17:49 of 1st period - Shot by Tuomo Ruutu.
17:49 of 1st period - Stopped by Martin Jones without a rebound.
17:50 of 1st period - Christopher Higgins wins face-off versus Joe Thornton in Avalanche zone.
18:10 of 1st period - Off-side.
18:11 of 1st period - Derek Stepan wins face-off versus Mark Arcobello in neutral zone.
18:29 of 1st period - Shot by Alexandre Burrows.
18:29 of 1st period - Shot Misses the Net.
18:33 of 1st period - Shot by Alexandre Burrows.
18:33 of 1st period - Deflect By Tyler Toffoli.
18:33 of 1st period - Shot Misses the Net.
18:35 of 1st period - Shot by Tyler Toffoli.
18:35 of 1st period - Shot Blocked by Sami Vatanen.
18:37 of 1st period - Shot by Paul Martin.
18:37 of 1st period - Stopped by Martin Jones without a rebound.
18:38 of 1st period - Riley Sheahan wins face-off versus Joe Thornton in Avalanche zone.
19:04 of 1st period - Tyson Barrie is hit by Sean Bergenheim and loses puck.
19:29 of 1st period - Icing by Tyson Barrie.
19:30 of 1st period - Riley Sheahan wins face-off versus Sam Gagner in Avalanche zone.
Goals for this period are 1 for Avalanche vs 1 for RedWings.
Shots for this period are 8 for Avalanche vs 9 for RedWings.

2nd period


0:01 of 2nd period - Joe Thornton wins face-off versus Derek Stepan in neutral zone.
0:09 of 2nd period - Minor Penalty to Sean Bergenheim for Tripping.
0:10 of 2nd period - Andrew Cogliano wins face-off versus Vincent Lecavalier in RedWings zone.
0:20 of 2nd period - Icing by Tyson Barrie.
0:21 of 2nd period - Andrew Cogliano wins face-off versus Cody Hodgson in Avalanche zone.
0:40 of 2nd period - Shot by Kevin Shattenkirk.
0:40 of 2nd period - Stopped by Roberto Luongo with a rebound.
1:07 of 2nd period - Icing by Tyson Barrie.
1:08 of 2nd period - Cody Hodgson wins face-off versus Andrew Cogliano in Avalanche zone.
1:40 of 2nd period - Keith Yandle is hit by Andrew Cogliano and loses puck.
2:18 of 2nd period - Minor Penalty to Boone Jenner for Roughing.
2:19 of 2nd period - Marcel Goc wins face-off versus Mark Arcobello in Avalanche zone.
2:46 of 2nd period - Shot by Eric Brewer.
2:46 of 2nd period - Shot Misses the Net.
2:48 of 2nd period - Shot by Eric Brewer.
2:48 of 2nd period - Deflect By Mark Arcobello.
2:48 of 2nd period - Shot Misses the Net.
2:50 of 2nd period - Shot by Sean Bergenheim.
2:50 of 2nd period - Shot Blocked by Christopher Higgins.
2:52 of 2nd period - Shot by Eric Brewer.
2:52 of 2nd period - Stopped by Martin Jones with a rebound.
3:22 of 2nd period - Shot by Paul Martin.
3:22 of 2nd period - Stopped by Martin Jones without a rebound.
3:23 of 2nd period - Marcel Goc wins face-off versus Joe Thornton in Avalanche zone.
3:23 of 2nd period - Marcel Goc is hit by Alexandre Burrows.
3:35 of 2nd period - Shot by Loui Eriksson.
3:35 of 2nd period - Stopped by Martin Jones with a rebound.
3:37 of 2nd period - Shot by Joe Thornton.
3:37 of 2nd period - Stopped by Martin Jones without a rebound.
3:38 of 2nd period - Mark Arcobello wins face-off versus Marcel Goc in Avalanche zone.
4:24 of 2nd period - Shot by Sam Gagner.
4:24 of 2nd period - Shot Misses the Net.
4:35 of 2nd period - Christopher Higgins is hit by Mark Fraser and loses puck.
4:49 of 2nd period - Off-side.
4:50 of 2nd period - Derek Stepan wins face-off versus Mark Arcobello in neutral zone.
6:08 of 2nd period - Shot by Vincent Lecavalier.
6:08 of 2nd period - Stopped by Roberto Luongo with a rebound.
6:10 of 2nd period - Shot by Quinton Howden.
6:10 of 2nd period - Stopped by Roberto Luongo without a rebound.
6:11 of 2nd period - Riley Sheahan wins face-off versus Sam Gagner in RedWings zone.
6:22 of 2nd period - Shot by Ondrej Palat.
6:22 of 2nd period - Stopped by Martin Jones without a rebound.
6:23 of 2nd period - Loui Eriksson wins face-off versus Marcel Goc in Avalanche zone.
6:29 of 2nd period - Off-side.
6:30 of 2nd period - Derek Stepan wins face-off versus Sam Gagner in neutral zone.
6:30 of 2nd period - Derek Stepan is hit by Ondrej Palat.
6:47 of 2nd period - Icing by Ondrej Palat.
6:48 of 2nd period - Sam Gagner wins face-off versus Riley Sheahan in RedWings zone.
6:48 of 2nd period - Ondrej Palat is hit by Riley Sheahan and loses puck.
6:58 of 2nd period - Loui Eriksson is hit by Riley Sheahan and loses puck.
7:14 of 2nd period - Riley Sheahan is hit by Eric Brewer and loses puck.
7:15 of 2nd period - Riley Sheahan from Avalanche is injured at 7:15 of 2nd period (Sprained Right Ankle).
7:16 of 2nd period - Derek Stepan wins face-off versus Joe Thornton in RedWings zone.
7:37 of 2nd period - Shot by Ryane Clowe.
7:37 of 2nd period - Stopped by Roberto Luongo without a rebound.
7:38 of 2nd period - Marcus Johansson wins face-off versus Mark Arcobello in RedWings zone.
8:09 of 2nd period - Shot by Cody Hodgson.
8:09 of 2nd period - Stopped by Roberto Luongo without a rebound.
8:10 of 2nd period - Vincent Lecavalier wins face-off versus Joe Thornton in RedWings zone.
8:35 of 2nd period - Shot by Kevin Shattenkirk.
8:35 of 2nd period - Stopped by Roberto Luongo without a rebound.
8:36 of 2nd period - Sam Gagner wins face-off versus Marcus Johansson in RedWings zone.
9:04 of 2nd period - Icing by Paul Martin.
9:05 of 2nd period - Sam Gagner wins face-off versus Quinton Howden in RedWings zone.
9:05 of 2nd period - Sam Gagner is hit by Quinton Howden.
9:15 of 2nd period - Shot by Ondrej Palat.
9:15 of 2nd period - Stopped by Martin Jones without a rebound.
9:16 of 2nd period - Joe Thornton wins face-off versus Boone Jenner in Avalanche zone.
9:27 of 2nd period - Shot by Marcel Goc.
9:27 of 2nd period - Deflect By Boone Jenner.
9:27 of 2nd period - Shot Hit the Post.
9:49 of 2nd period - Boone Jenner is hit by Sean Bergenheim and loses puck.
10:37 of 2nd period - Icing by Eric Gryba.
10:38 of 2nd period - Ondrej Palat wins face-off versus Derek Stepan in RedWings zone.
10:38 of 2nd period - Ondrej Palat is hit by Christopher Higgins.
11:33 of 2nd period - Derek Stepan is hit by Mark Fraser and loses puck.
11:45 of 2nd period - Mark Fraser is hit by Victor Bartley and loses puck.
11:58 of 2nd period - Icing by Mark Fraser.
11:59 of 2nd period - Vincent Lecavalier wins face-off versus Mark Arcobello in RedWings zone.
12:01 of 2nd period - Minor Penalty to Mark Fraser for Interference.
12:02 of 2nd period - Andrew Cogliano wins face-off versus Boone Jenner in RedWings zone.
12:02 of 2nd period - Andrew Cogliano is hit by Boone Jenner.
12:05 of 2nd period - Minor Penalty to Boone Jenner for Tripping.
12:06 of 2nd period - Marcus Johansson wins face-off versus Tuomo Ruutu in Avalanche zone.
12:15 of 2nd period - Jake Gardiner is hit by Vincent Lecavalier and loses puck.
12:22 of 2nd period - Shot by Marcus Johansson.
12:22 of 2nd period - Shot Misses the Net.
12:24 of 2nd period - Shot by Keith Yandle.
12:24 of 2nd period - Stopped by Roberto Luongo with a rebound.
12:26 of 2nd period - Shot by Marcus Johansson.
12:26 of 2nd period - Shot Misses the Net.
12:28 of 2nd period - Shot by Marcus Johansson.
12:28 of 2nd period - Stopped by Roberto Luongo without a rebound.
12:29 of 2nd period - Tuomo Ruutu wins face-off versus Cody Hodgson in RedWings zone.
13:53 of 2nd period - Icing by Keith Yandle.
13:54 of 2nd period - Tuomo Ruutu wins face-off versus Cody Hodgson in Avalanche zone.
14:40 of 2nd period - Minor Penalty to Nick Holden for Roughing.
14:41 of 2nd period - Mark Arcobello wins face-off versus Marcel Goc in Avalanche zone.
14:43 of 2nd period - Minor Penalty to Mark Arcobello for Cross-checking.
14:44 of 2nd period - Derek Stepan wins face-off versus Tuomo Ruutu in RedWings zone.
14:47 of 2nd period - Shot by Derek Stepan.
14:47 of 2nd period - Shot Misses the Net.
15:18 of 2nd period - Icing by Keith Yandle.
15:19 of 2nd period - Derek Stepan wins face-off versus Tuomo Ruutu in Avalanche zone.
16:10 of 2nd period - Shot by Alexandre Burrows.
16:10 of 2nd period - Shot Misses the Net.
16:14 of 2nd period - Shot by Alexandre Burrows.
16:14 of 2nd period - Stopped by Martin Jones with a rebound.
16:16 of 2nd period - Shot by Mark Fraser.
16:16 of 2nd period - Shot Misses the Net.
16:18 of 2nd period - Shot by Mark Fraser.
16:18 of 2nd period - Stopped by Martin Jones with a rebound.
17:34 of 2nd period - Icing by Kevin Shattenkirk.
17:35 of 2nd period - Joe Thornton wins face-off versus Vincent Lecavalier in Avalanche zone.
17:35 of 2nd period - Eric Brewer is hit by Sami Vatanen.
17:39 of 2nd period - Shot by Joe Thornton.
17:39 of 2nd period - Shot Misses the Net.
17:44 of 2nd period - Tuomo Ruutu is hit by Kevin Shattenkirk and loses puck.
18:00 of 2nd period - Minor Penalty to Sami Vatanen for Hooking.
18:01 of 2nd period - Mark Arcobello wins face-off versus Derek Stepan in Avalanche zone.
18:24 of 2nd period - Shot by Eric Brewer.
18:24 of 2nd period - Shot Misses the Net.
18:28 of 2nd period - Shot by Mark Arcobello.
18:28 of 2nd period - Stopped by Martin Jones without a rebound.
18:29 of 2nd period - Marcel Goc wins face-off versus Joe Thornton in Avalanche zone.
18:29 of 2nd period - Marcel Goc is hit by Alexandre Burrows.
19:14 of 2nd period - Derek Stepan is hit by Alexandre Burrows and loses puck.
19:30 of 2nd period - Off-side.
19:31 of 2nd period - Marcel Goc wins face-off versus Mark Arcobello in neutral zone.
19:47 of 2nd period - Kevin Shattenkirk is hit by Mark Arcobello and loses puck.
19:55 of 2nd period - Icing by Mark Fraser.
19:56 of 2nd period - Derek Stepan wins face-off versus Mark Arcobello in RedWings zone.
19:56 of 2nd period - Nick Holden is hit by Mark Fraser and loses puck.
Goals for this period are 0 for Avalanche vs 0 for RedWings.
Shots for this period are 8 for Avalanche vs 9 for RedWings.

3rd period


0:01 of 3rd period - Joe Thornton wins face-off versus Derek Stepan in neutral zone.
0:25 of 3rd period - Icing by Sami Vatanen.
0:26 of 3rd period - Loui Eriksson wins face-off versus Derek Stepan in Avalanche zone.
0:37 of 3rd period - Shot by Loui Eriksson.
0:37 of 3rd period - Deflect By Ondrej Palat.
0:37 of 3rd period - Goal by Ondrej Palat - Avalanche : 1 - RedWings : 2.
0:38 of 3rd period - Marcus Johansson wins face-off versus Joe Thornton in neutral zone.
1:01 of 3rd period - Shot by Sean Bergenheim.
1:01 of 3rd period - Stopped by Martin Jones without a rebound.
1:02 of 3rd period - Sam Gagner wins face-off versus Vincent Lecavalier in Avalanche zone.
2:06 of 3rd period - Icing by Tuomo Ruutu.
2:07 of 3rd period - Sean Bergenheim wins face-off versus Derek Stepan in RedWings zone.
3:01 of 3rd period - Icing by Paul Martin.
3:02 of 3rd period - Mark Arcobello wins face-off versus Boone Jenner in RedWings zone.
3:15 of 3rd period - Shot by Tyler Toffoli.
3:15 of 3rd period - Shot Misses the Net.
3:17 of 3rd period - Shot by Paul Martin.
3:17 of 3rd period - Stopped by Martin Jones without a rebound.
3:18 of 3rd period - Vincent Lecavalier wins face-off versus Sam Gagner in Avalanche zone.
3:43 of 3rd period - Icing by Quinton Howden.
3:44 of 3rd period - Joe Thornton wins face-off versus Vincent Lecavalier in Avalanche zone.
4:05 of 3rd period - Shot by Jakob Silfverberg.
4:05 of 3rd period - Stopped by Roberto Luongo with a rebound.
4:21 of 3rd period - Shot by Sean Bergenheim.
4:21 of 3rd period - Stopped by Martin Jones with a rebound.
4:31 of 3rd period - Shot by Derek Stepan.
4:31 of 3rd period - Stopped by Roberto Luongo without a rebound.
4:32 of 3rd period - Sam Gagner wins face-off versus Marcus Johansson in RedWings zone.
5:03 of 3rd period - Shot by Ondrej Palat.
5:03 of 3rd period - Stopped by Martin Jones without a rebound.
5:04 of 3rd period - Marcel Goc wins face-off versus Mark Arcobello in Avalanche zone.
6:48 of 3rd period - Minor Penalty to Sam Gagner for Holding.
6:48 of 3rd period - Minor Penalty to Quinton Howden for Charging.
6:49 of 3rd period - Tuomo Ruutu wins face-off versus Derek Stepan in neutral zone.
7:01 of 3rd period - Off-side.
7:02 of 3rd period - Derek Stepan wins face-off versus Tuomo Ruutu in neutral zone.
8:06 of 3rd period - Shot by Alexandre Burrows.
8:06 of 3rd period - Shot Misses the Net.
8:08 of 3rd period - Shot by Jake Gardiner.
8:08 of 3rd period - Stopped by Martin Jones with a rebound.
8:22 of 3rd period - Shot by Mark Arcobello.
8:22 of 3rd period - Shot Misses the Net.
8:27 of 3rd period - Icing by Nick Holden.
8:28 of 3rd period - Cody Hodgson wins face-off versus Loui Eriksson in Avalanche zone.
8:47 of 3rd period - Shot by Eric Gryba.
8:47 of 3rd period - Shot Misses the Net.
9:07 of 3rd period - Shot by Boone Jenner.
9:07 of 3rd period - Shot Misses the Net.
9:09 of 3rd period - Shot by Victor Bartley.
9:09 of 3rd period - Shot Misses the Net.
9:11 of 3rd period - Shot by Nick Holden.
9:11 of 3rd period - Deflect By Marcel Goc.
9:11 of 3rd period - Shot Blocked by Paul Martin.
9:55 of 3rd period - Shot by Sean Bergenheim.
9:55 of 3rd period - Deflect By Joe Thornton.
9:55 of 3rd period - Shot Blocked by Ryane Clowe.
9:57 of 3rd period - Shot by Jake Gardiner.
9:57 of 3rd period - Goal by Jake Gardiner - Avalanche : 1 - RedWings : 3.
9:58 of 3rd period - Alexandre Burrows wins face-off versus Cody Hodgson in neutral zone.
11:05 of 3rd period - Icing by Joe Thornton.
11:06 of 3rd period - Joe Thornton wins face-off versus Vincent Lecavalier in RedWings zone.
11:15 of 3rd period - Vincent Lecavalier is hit by Sean Bergenheim and loses puck.
11:35 of 3rd period - Quinton Howden is hit by Mark Fraser and loses puck.
12:05 of 3rd period - Ondrej Palat is hit by Nick Holden and loses puck.
12:15 of 3rd period - Sam Gagner is hit by Boone Jenner and loses puck.
12:22 of 3rd period - Shot by Marcel Goc.
12:22 of 3rd period - Stopped by Roberto Luongo without a rebound.
12:23 of 3rd period - Derek Stepan wins face-off versus Mark Arcobello in RedWings zone.
12:24 of 3rd period - Shot by Christopher Higgins.
12:24 of 3rd period - Shot Misses the Net.
12:42 of 3rd period - Shot by Tyler Toffoli.
12:42 of 3rd period - Shot Misses the Net.
12:52 of 3rd period - Shot by Alexandre Burrows.
12:52 of 3rd period - Stopped by Martin Jones without a rebound.
12:53 of 3rd period - Marcel Goc wins face-off versus Joe Thornton in Avalanche zone.
13:04 of 3rd period - Shot by Tyson Barrie.
13:04 of 3rd period - Shot Blocked by Eric Brewer.
13:07 of 3rd period - Icing by Tuomo Ruutu.
13:08 of 3rd period - Derek Stepan wins face-off versus Joe Thornton in RedWings zone.
13:17 of 3rd period - Sean Bergenheim is hit by Nick Holden and loses puck.
13:18 of 3rd period - Sean Bergenheim from RedWings is injured at 13:18 of 3rd period (Left Foot).
13:19 of 3rd period - Marcus Johansson wins face-off versus Sam Gagner in Avalanche zone.
14:10 of 3rd period - Eric Gryba is hit by Christopher Higgins and loses puck.
14:50 of 3rd period - Sami Vatanen is hit by Eric Brewer and loses puck.
15:15 of 3rd period - Minor Penalty to Quinton Howden for Tripping.
15:16 of 3rd period - Derek Stepan wins face-off versus Mark Arcobello in Avalanche zone.
15:28 of 3rd period - Off-side.
15:29 of 3rd period - Mark Arcobello wins face-off versus Derek Stepan in neutral zone.
15:32 of 3rd period - Shot by Tyler Toffoli.
15:32 of 3rd period - Stopped by Martin Jones without a rebound.
15:33 of 3rd period - Derek Stepan wins face-off versus Alexandre Burrows in Avalanche zone.
15:58 of 3rd period - Shot by Joe Thornton.
15:58 of 3rd period - Stopped by Martin Jones without a rebound.
15:59 of 3rd period - Marcel Goc wins face-off versus Mark Arcobello in Avalanche zone.
16:05 of 3rd period - Icing by Paul Martin.
16:06 of 3rd period - Marcel Goc wins face-off versus Tuomo Ruutu in RedWings zone.
16:39 of 3rd period - Shot by Mark Arcobello.
16:39 of 3rd period - Shot Blocked by Christopher Higgins.
16:41 of 3rd period - Shot by Jake Gardiner.
16:41 of 3rd period - Shot Blocked by Tyson Barrie.
16:43 of 3rd period - Shot by Mark Arcobello.
16:43 of 3rd period - Shot Blocked by Marcel Goc.
16:45 of 3rd period - Shot by Jake Gardiner.
16:45 of 3rd period - Stopped by Martin Jones without a rebound.
16:46 of 3rd period - Joe Thornton wins face-off versus Derek Stepan in Avalanche zone.
18:04 of 3rd period - Shot by Tuomo Ruutu.
18:04 of 3rd period - Deflect By Tyler Toffoli.
18:04 of 3rd period - Stopped by Martin Jones without a rebound.
18:05 of 3rd period - Joe Thornton wins face-off versus Derek Stepan in Avalanche zone.
18:24 of 3rd period - Tyson Barrie is hit by Tuomo Ruutu and loses puck.
19:49 of 3rd period - Icing by Nick Holden.
19:50 of 3rd period - Vincent Lecavalier wins face-off versus Joe Thornton in Avalanche zone.
Goals for this period are 0 for Avalanche vs 2 for RedWings.
Shots for this period are 3 for Avalanche vs 12 for RedWings.


Output by the SimonT Hockey Simulator (STHS) for Stephane Roy -- Original Page W3C XHTML 1.0 Valid
Hockey Simulator - Hockey Simulation - Hockey Manager